Description

In this build order I show you how to play against a Terran sky mech.

Notes :

  • If you see a banshee opening, keep 3 stalkers & 1 obs in each base. In case of mass banshee, add 1 cannon per base.
  • When you know that it's a terran mech : Add 2 forges and expand Add a second robo
  • Do a push on your +2/+2 or a push at 160/200 : It's one of the best timing
  • If the terran go into Sky, just play blink stalkers
  • You need to deny his expand as frequently as you can

VOD

https://youtu.be/eYQDVnLPSnA

Replay - llllllllllll v tGPookie - Acropolis LE

Build Order

Get SALT Encoding   

  12  0:01  Probe  
  13  0:13  Probe  
  14  0:17  Pylon  
  14  0:25  Probe (Chrono Boost)  
  16  0:36  Probe (Chrono Boost)  
  16  0:38  Gateway  
  16  0:41  Probe  
  16  0:47  Assimilator  
  17  0:54  Probe  
  18  1:06  Probe  
  19  1:18  Probe  
  20  1:29  Cybernetics Core  
  20  1:30  Probe  
  21  1:43  Nexus  
  22  1:51  Pylon  
  22  1:58  Assimilator  
  22  2:08  Stalker (Chrono Boost)  
  22  2:11  Shield Battery  
  23  2:21  Robotics Facility  
  23  2:27  Probe  
  24  2:37  Warp Gate  
  25  2:44  Stalker  
  31  3:10  Observer (Chrono Boost)  
  33  3:14  Stalker  
  36  3:26  Shield Battery  
  35  3:32  Immortal (Chrono Boost)  
  38  3:47  Stalker  
  41  3:54  Gateway  
  41  4:09  Twilight Council  
  45  4:25  Pylon  
  45  4:27  Gateway  
  45  4:30  Pylon  
  48  4:48  Stalker  
  48  4:52  Charge (Chrono Boost)  
  50  4:55  Shield Battery  
  52  5:01  Stalker  
  54  5:12  Robotics Bay  
  57  5:24  Stalker  
  57  5:28  Assimilator x2  
  60  5:32  Pylon  
  62  5:44  Forge  
  62  5:50  Observer (Chrono Boost)  
  65  6:00  Nexus  
  65  6:04  Extended Thermal Lance  
  74  6:32  Photon Cannon  
  75  6:36  Protoss Ground Armor Level 1 (Chrono Boost)  
  75  6:44  Observer (Chrono Boost)  
  75  6:45  Forge  
  69  6:51  Photon Cannon x2  
  69  6:53  Blink (Chrono Boost), Stalker x3  
  75  7:08  Photon Cannon  
  75  7:10  Immortal  
  79  7:17  Protoss Ground Weapons Level 1 (Chrono Boost)  
  79  7:19  Photon Cannon  
  87  7:46  Immortal (Chrono Boost)  
  93  7:52  Templar Archives  
  94  8:05  Photon Cannon  
  96  8:10  Assimilator x2  
  99  8:22  Immortal  
  103  8:29  Gateway x3  
  103  8:36  Gateway  
  103  8:40  Protoss Ground Armor Level 2 (Chrono Boost)  
  105  8:48  Photon Cannon  
  104  8:49  Shield Battery  
  104  8:56  Gateway  
  104  9:01  Warp Prism  
  109  9:13  Photon Cannon  
  111  9:18  Shield Battery  
  111  9:19  Zealot x2  
  116  9:28  Gateway  
  116  9:29  Photon Cannon  
  116  9:30  High Templar x4  
  120  9:35  Archon  
  124  9:47  Observer  
  123  9:54  Archon  
Spawning Tool Build Advisor. Get it on Overwolf

Go to:

Details

  • Created by: zuka      
  • Published on: Oct 25, 2019
  • Modified on: Oct 25, 2019
  • Patch: 4.7.1
Show
View Real Time Build Order
Export as new Build Order

Comments (0)

There are no comments. Be the first!

Create an account to comment!